 Dungeon Crawl Stone Soup version 0.31.0-32-g396128a36d (webtiles) character file.

Game seed: 17715127772847200028

173 RKaid the Ruffian (level 5, 0/54 HPs)
             Began as an Octopode Shapeshifter on Mar 20, 2024.
             Slain by a gnoll
             ... wielding a +0 halberd
              (2 damage)
             ... on level 3 of the Dungeon.
             The game lasted 00:04:05 (2160 turns).

RKaid the Ruffian (Octopode Shapeshifter)           Turns: 2160, Time: 00:04:06

Health: 0/54       AC: 22    Str: 15    XL:     5   Next: 53%
Magic:  5/5        EV:  2    Int: 13    God:
Gold:   132        SH:  3    Dex: 11    Spells: 4/4 levels left

rFire   . .          .
                       - Unarmed
rCold   . . .        k - +0 buckler
rNeg    . . .        (helmet currently unavailable)
rPois   +            (no amulet)
rElec   .            (no ring)
rCorr   .            (no ring)
SInv    .            (no ring)
Will    +....        (no ring)
Stlth   +            (no ring)
HPRegen 0.29/turn    (no ring)
MPRegen 0.09/turn    (no ring)
                     (no ring)

%: no passive effects
@: tree-form, enlightened
A: stationary, stasis, torment immunity, boosted hp, almost no armour,
(amphibious), 8 rings, (camouflage 1), (gelatinous body 1), (nimble swimmer 1),
(tentacles)
a: no special abilities


You were on level 3 of the Dungeon.
You were a tree.
You visited 1 branch of the dungeon, and saw 3 of its levels.

You collected 132 gold pieces.

Inventory:

Armour
 k - a +0 buckler (worn)
   (You found it on level 2 of the Dungeon)
Magical Staves
 f - a staff of alchemy
   (You found it on level 1 of the Dungeon)
 o - a staff of fire {rF+}
   (You found it on level 3 of the Dungeon)
Talismans
 b - a beast talisman
 c - a flux talisman
 j - a serpent talisman
   (You found it on level 2 of the Dungeon)
Wands
 l - a wand of polymorph (8)
   (You took it off Robin on level 2 of the Dungeon)
Scrolls
 d - 2 scrolls of teleportation {unknown}
 g - a scroll of enchant weapon {unknown}
 h - 4 scrolls of identify {unknown}
 i - a scroll of blinking {unknown}
 m - a scroll of acquirement {unknown}


   Skills:
 * Level 3.3 Fighting
 + Level 3.0 Dodging
 + Level 3.7 Unarmed Combat
 + Level 3.6 Shapeshifting


You had 4 spell levels left.
You didn't know any spells.
Your spell library contained the following spells:

 Spells                   Type           Power      Damage    Failure   Level
 Apportation              Tloc           0%         N/A       38%         1
 Necrotise                Necr           0%         1d4       38%         1
 Sting                    Conj/Alch      0%         1d3       38%         1
 Summon Small Mammal      Summ           0%         N/A       38%         1


Dungeon Overview and Level Annotations

Branches:
Dungeon (3/15)

Altars:

Annotations:
D:2 1 runed translucent door, Crazy Yiuf
D:3 1 runed translucent door, Villent's ghost, weakling DsFi


Innate Abilities, Weirdness & Mutations

You are a tree.
Your roots penetrate the ground, keeping you stationary.
You cannot be teleported.
You are immune to unholy pain and torment.
Your maximum health is greatly increased.
You cannot wear most types of armour.
((You are amphibious.))
You can wear up to eight rings at the same time.
((Your skin changes colour to match your surroundings (Stealth+).))
((Your rubbery body absorbs attacks. (AC +1, EV +1)))
((You are camouflaged when in or above water. (Stealth+)))
((You have tentacles for arms and can constrict up to eight enemies at once.))


Message History

2 orcs come into view.
The orc shouts! x3
Found a stone staircase leading down.
The orc hits you with a +0 club.
You tentacle-slap the orc. You grab the orc. You constrict the orc.
The orc hits you with a +0 club.
The orc struggles to escape constriction.
The orc suddenly jeers.
You tentacle-slap the orc.
You kill the orc!
The orc hits you with a +0 club.
You are too injured to fight recklessly!
You are too injured to fight recklessly!
You are too injured to fight recklessly!
You are too injured to fight recklessly!
You are too injured to fight recklessly!
You are too injured to fight recklessly!
You are too injured to fight recklessly!
You are too injured to fight recklessly!
You are too injured to fight recklessly!
You are too injured to fight recklessly!
You are too injured to fight recklessly!
You are too injured to fight recklessly!
You tentacle-slap the orc. Your grab misses the orc.
You block the orc's attack. The orc barely misses you.
You block the orc's attack.
You tentacle-slap the orc. You grab the orc. You constrict the orc.
The orc barely misses you. x2; The orc hits you with a +0 mace.
You tentacle-slap the orc. You grab the orc. You constrict the orc. x2
The orc barely misses you. You block the orc's attack.
The orc hits you with a +0 club.
You closely miss the orc. Your grab misses the orc. You constrict the orc.
You kill the orc!
You constrict the orc.
You kill the orc!
The orc hits you with a +0 club.
* * * LOW HITPOINT WARNING * * *
You bludgeon the orc!
You kill the orc!
You start resting.
o - a staff of fire {rF+}
Found a runed translucent door.
Press: ? - help, v - describe, . - travel
Here: Villent's ghost (dormant, fire blocked by a translucent stone wall)
The floor.
A bat comes into view.
You see here 5 gold pieces.
You now have 132 gold pieces (gained 5).
A gnoll comes into view. It is wielding a +0 club.
A gnoll and a hobgoblin come into view.
A gnoll comes into view. It is wielding a +0 club.
The gnoll shouts!
You hear a shout!
A gnoll comes into view. It is wielding a +0 spear.
You block the bat's attack.
The gnoll hits you from afar with a +0 halberd!
You closely miss the gnoll. Your grab misses the gnoll.
The bat barely misses you. The bat closely misses you.
The gnoll hits you with a +0 club.
The gnoll hits you from afar with a +0 halberd!
You are too injured to fight recklessly!
You are too injured to fight recklessly!
You are too injured to fight recklessly!
You are too injured to fight recklessly!
You are too injured to fight recklessly!
You are too injured to fight recklessly!
You are too injured to fight recklessly!
You are too injured to fight recklessly!
Unknown command.
The bat hits you. The gnoll attacks as it pursues you!
The gnoll hits you with a +0 club!
* * * LOW HITPOINT WARNING * * *
Your transformation has ended.
You turn into a tree.
Your roots penetrate the ground.
You block the bat's attack. The gnoll hits you but does no damage.
The hobgoblin hits you but does no damage.
The gnoll hits you with a +0 club.
* * * LOW HITPOINT WARNING * * *
It was a potion of curing.
You feel better. You block the bat's attack. x2
The gnoll hits you but does no damage.
The hobgoblin hits you but does no damage.
The gnoll hits you but does no damage.
It was a potion of enlightenment.
Your roots keep you in place.
The bat hits you.
* * * LOW HITPOINT WARNING * * *
The gnoll hits you from afar with a +0 halberd.
* * * LOW HITPOINT WARNING * * *
The hobgoblin hits you but does no damage.
The gnoll hits you but does no damage.
You hit the gnoll. You block the bat's attack.
The gnoll hits you from afar with a +0 halberd.
* * * LOW HITPOINT WARNING * * *
You block the hobgoblin's attack. The gnoll completely misses you.
You hit the gnoll. The bat barely misses you.
The gnoll hits you from afar with a +0 halberd.
* * * LOW HITPOINT WARNING * * *
You block the hobgoblin's attack. The gnoll hits you but does no damage.
You block the gnoll's attack.
You hit the hobgoblin. The bat hits you but does no damage.
The gnoll hits you from afar with a +0 halberd.
You die...

..#.......## .#
#.#........###.#
#..............#
###...........##
####.......##.....
...#.......# .....
##.........#......
................#.
####...g♣b.##...
#...gg..# .
#...gg.## #......#
#......# #......#
#......# #......#
#......#


You could see 4 gnolls, a hobgoblin and a bat.

Vanquished Creatures
  Jessica (D:2)
  Natasha (thrice) (D:2)
  Robin (D:2)
  2 ribbon worms (D:2)
  4 orcs (D:3)
  A ball python (D:2)
  4 endoplasms (D:1)
  2 giant cockroaches
  13 goblins
  6 hobgoblins
  4 bats
  4 frilled lizards
  5 kobolds
  6 rats
56 creatures vanquished.

Notes
Turn   | Place    | Note
-------+----------+-------------------------------------------
     0 | D:1      | RKaid the Octopode Shapeshifter began the quest for the
                  | Orb.
     0 | D:1      | Reached XP level 1. HP: 13/13 MP: 1/1
   142 | D:1      | Reached XP level 2. HP: 18/18 MP: 2/2
   798 | D:1      | Reached XP level 3. HP: 24/24 MP: 3/3
   941 | D:2      | Noticed Jessica
   948 | D:2      | Killed Jessica
   949 | D:2      | Reached skill level 2 in Fighting
  1011 | D:2      | Noticed Natasha
  1019 | D:2      | HP: 6/24 [Natasha (7)]
  1020 | D:2      | Killed Natasha
  1021 | D:2      | Reached XP level 4. HP: 8/30 MP: 4/4
  1039 | D:2      | Noticed Natasha
  1044 | D:2      | Killed Natasha
  1376 | D:2      | Reached XP level 5. HP: 36/36 MP: 5/5
  1377 | D:2      | Noticed Robin
  1380 | D:2      | Reached skill level 3 in Fighting
  1405 | D:2      | Killed Robin
  1596 | D:2      | Found a runed translucent door.
  1597 | D:2      | Noticed Crazy Yiuf
  1853 | D:2      | Noticed Natasha
  1859 | D:2      | Killed Natasha
  1860 | D:2      | Reached skill level 3 in Dodging
  2114 | D:3      | Noticed Villent's ghost (weakling DsFi)
  2117 | D:3      | Found a runed translucent door.
  2154 | D:3      | HP: 6/36 [gnoll/+0 club (8)]
  2159 | D:3      | HP: 2/54 [gnoll/+0 halberd (4)]
  2160 | D:3      | Slain by a gnoll

Illustrated notes

Levels and vault maps discovered:
D:1:      dpeg_arrival_rooms_a, layout_basic
D:2:      layout_loops_corners, uniq_crazy_yiuf_cottage, uniq_robin,
          uniq_natasha, uniq_jessica
D:3:      layout_rooms, mainiacjoe_overflow_24_doors, nemelex_dance_club_becter,
          hellmonk_ghost_happy_afterlife

Skill      XL: |  1  2  3  4  5 |
---------------+----------------+-----
Fighting       | 2 3 |  3.3
Dodging        | 3 |  3.0
Unarmed Combat | |  3.7
Shapeshifting  | |  3.6

Action                     |  1- 3 |  4- 6 || total
---------------------------+-------+-------++-------
  Melee: Unarmed           |    49 |    57 ||   106
         Tentacles         |     8 |     8 ||    16
         Punch             |     2 |     4 ||     6
         Constrict         |    10 |    11 ||    21
    Use: Potion            |       |     3 ||     3
   Stab: Sleeping          |     3 |     1 ||     4
 Armour: Skin              |    18 |    47 ||    65
  Dodge: Dodged            |    16 |    37 ||    53
  Block: Buckler           |       |    16 ||    16

Table legend: (Time is in decaauts)
 A = Elapsed time spent in this place.
 B = Non-inter-level travel time spent in this place.
 C = Inter-level travel time spent in this place.
 D = Time resting spent in this place.
 E = Time spent auto-exploring this place.
 F = Levels seen in this place.
 G = Mean time per level.
                   A        B        C        D        E       F      G
               +--------+--------+--------+--------+--------+-----+--------+
         Total |   2152 |   2095 |     57 |    220 |   1483 |   3 |  717.3 |
       Dungeon |   2152 |   2095 |     57 |    220 |   1483 |   3 |  717.3 |
               +--------+--------+--------+--------+--------+-----+--------+

Top non-repeatable levels by time:
     D:2: 1176 daAuts
     D:1: 821 daAuts
     D:3: 155 daAuts

Table legend:
 A = Kills in this place as a percentage of kills in the entire game.
 B = Kills by you in this place as a percentage of kills by you in the entire game.
 C = Kills by friends in this place as a percentage of kills by friends in the entire game.
 D = Other kills in this place as a percentage of other kills in the entire game.
 E = Experience gained in this place as a percentage of experience gained in the entire game.
 F = Experience gained in this place divided by the number of levels of this place that you have seen.
                   A       B       C       D       E      F
               +-------+-------+-------+-------+-------+----------------------
         Total | 100.0 | 100.0 |   N/A |   N/A | 100.0 |  82.7
       Dungeon | 100.0 | 100.0 |   N/A |   N/A | 100.0 |  82.7
               +-------+-------+-------+-------+-------+----------------------
